 Dungeon Crawl Stone Soup version 0.31.0-32-g396128a36d (webtiles) character file.

Game seed: 3198638852668293675

926 Jabob the Grappler (level 7, -1/44 (66) HPs)
             Began as a Troll Monk on Apr 2, 2024.
             Was a Believer of Nemelex Xobeh.
             Slain by a wight
             ... wielding a +0 hand axe of draining
              (7 damage)
             ... on level 6 of the Dungeon.
             The game lasted 00:11:32 (3781 turns).

Jabob the Grappler (Troll Monk)                     Turns: 3781, Time: 00:11:32

HP:   -1/44 (66)    AC:  5    Str: 20    XL:     7   Next: 85%
MP:   6/6           EV: 10    Int:  6    God:    Nemelex Xobeh [**....]
Gold: 226           SH:  0    Dex: 14    Spells: 6/6 levels left

rFire   + .          .
                       - Unarmed
rCold   . . .        (no shield)
rNeg    . . .        a - +0 robe
rPois   .            (helmet restricted)
rElec   .            m - +0 cloak
rCorr   .            (gloves unavailable)
SInv    .            (boots unavailable)
Will    .....        (no amulet)
Stlth   +            k - ring of protection from fire
HPRegen 1.07/turn    (no ring)
MPRegen 0.10/turn

%: no passive effects
@: very heavily drained
A: large, unfitting armour, claws 3, regeneration 1, shaggy fur 1, tough skin 1
a: Renounce Religion, Draw Escape, Draw Destruction, Draw Summoning


You were on level 6 of the Dungeon.
You worshipped Nemelex Xobeh.
Nemelex Xobeh was pleased with you.
You visited 2 branches of the dungeon, and saw 7 of its levels.

You collected 226 gold pieces.

Inventory:

Hand Weapons
 n - a +0 dagger
Missiles
 e - 9 poisoned darts (quivered)
Armour
 a - a +0 robe (worn)
 c - an orb of light
 m - a +0 cloak (worn)
Jewellery
 k - a ring of protection from fire (left claw)
Wands
 t - a wand of polymorph (10)
Scrolls
 f - a scroll of teleportation
 h - a scroll of fear {unknown}
 i - a scroll of brand weapon {unknown}
 l - a scroll of fog {unknown}
 o - a scroll of enchant weapon {unknown}
 r - a scroll of vulnerability {unknown}
Potions
 b - 2 potions of ambrosia
 d - a potion of haste {unknown}
 g - 2 potions of cancellation {unknown}
 j - a potion of mutation {unknown}
 p - a potion of brilliance {unknown}
 q - a potion of resistance {unknown}
 s - a potion of curing {unknown}


   Skills:
 + Level 2.5 Fighting
 - Level 2.4 Dodging
 * Level 9.5 Unarmed Combat
 + Level 0.4 Invocations


You had 6 spell levels left.
You didn't know any spells.
Your spell library contained the following spells:

 Spells                   Type           Power      Damage    Failure   Level
 Blink                    Tloc           0%         N/A       58%         2
 Lesser Beckoning         Tloc           0%         N/A       58%         2
 Momentum Strike          Conj/Tloc      0%         3d8       58%         2
 Summon Forest            Summ/Tloc      0%         N/A       100%        5
 Summon Mana Viper        Hex/Summ       0%         N/A       100%        5
 Summon Cactus Giant      Summ           0%         N/A       100%        6


Dungeon Overview and Level Annotations

Branches:
Dungeon (6/15)             Temple (1/1) D:5

Altars:
Elyvilon
Kikubaaqudgha
Makhleb
Nemelex Xobeh
Okawaru
Ru
Trog
Uskayaw
Wu Jian
Xom
Yredelemnul
Zin

Shops:
D:2 :


Innate Abilities, Weirdness & Mutations

You are too large for most types of armour.
You have claws for hands.
Your natural rate of healing is unusually fast.
You are covered in fur. (AC +1)
You have tough skin. (AC +1)


Message History

The wight attacks as it pursues you! The wight barely misses you.
There is an open door here.
The wight attacks as it pursues you! The wight misses you.
The wight attacks as it pursues you!
The wight hits you with a +0 hand axe of draining!
You feel drained. x2
There is an open door here.
The wight attacks as it pursues you! The wight closely misses you.
The wight attacks as it pursues you!
The wight hits you with a +0 hand axe of draining!
You feel drained.
There is a stone staircase leading down here.
The wight hits you with a +0 hand axe of draining!
* * * LOW HITPOINT WARNING * * *
You feel drained.
You climb downwards.
Found a scroll labelled QOES XAOGODI and a club.
There is a stone staircase leading up here.
You scratch the wight.
The wight is lightly damaged.
The wight hits you with a +0 hand axe of draining.
* * * LOW HITPOINT WARNING * * *
You feel drained.
You closely miss the wight.
The wight is lightly damaged.
The wight closely misses you.
You closely miss the wight.
The wight is lightly damaged.
The wight hits you with a +0 hand axe of draining!
* * * LOW HITPOINT WARNING * * *
You feel drained. x2
* * * LOW HITPOINT WARNING * * *
You barely miss the wight.
The wight is lightly damaged.
The wight completely misses you.
You scratch the wight but do no damage.
The wight is lightly damaged.
The wight hits you with a +0 hand axe of draining!
You die...
Your body glows slightly and disappears.

## . ####. ###
?.... ..#
##....#.# ####
......#.##.....
#.............
#@# #z# ...
#.#.# #. .#
######## #. .#
##......# #) .#
##...<.# #. .#
#......#


You could see a wight.

Vanquished Creatures
  Sigmund (D:3)
  Pargi (D:3)
  2 black bears (D:4)
  A bombardier beetle (D:4)
  2 hounds
  Crazy Yiuf (D:2)
  A sleepcap (D:5)
  2 iguanas (D:5)
  Jessica (D:2)
  Natasha (thrice) (D:3 D:2)
  An orc wizard (D:2)
  Terence (D:2)
  5 adders
  3 white imps
  2 dart slugs (D:2)
  3 ribbon worms
  5 orcs
  10 ball pythons
  5 bats
  5 endoplasms
  A giant cockroach (D:4)
  5 goblins
  4 hobgoblins
  4 quokkas
  4 frilled lizards
  3 kobolds
  12 rats
88 creatures vanquished.

Notes
Turn   | Place    | Note
-------+----------+-------------------------------------------
     0 | D:1      | Jabob the Troll Monk began the quest for the Orb.
     0 | D:1      | Reached XP level 1. HP: 22/22 MP: 0/0
   179 | D:1      | Reached XP level 2. HP: 23/29 MP: 1/1
   374 | D:1      | Reached skill level 4 in Unarmed Combat
   693 | D:2      | Noticed Terence
   698 | D:2      | Killed Terence
   699 | D:2      | Reached XP level 3. HP: 30/36 MP: 2/2
   727 | D:2      | Found a faded altar of an unknown god.
   817 | D:2      | Noticed Jessica
   822 | D:2      | Killed Jessica
   823 | D:2      | Reached skill level 5 in Unarmed Combat
   823 | D:2      | Reached XP level 4. HP: 44/44 MP: 3/3
  1010 | D:2      | Found Cussaez's Book Boutique.
  1169 | D:2      | Found a runed translucent door.
  1170 | D:2      | Noticed Crazy Yiuf
  1233 | D:2      | Found a bloodstained altar of Trog.
  1614 | D:2      | Killed Crazy Yiuf
  1716 | D:3      | Noticed Pargi
  1722 | D:3      | Killed Pargi
  1723 | D:3      | Reached skill level 6 in Unarmed Combat
  1723 | D:3      | Reached XP level 5. HP: 42/50 MP: 4/4
  1797 | D:3      | Noticed Natasha
  1809 | D:3      | Killed Natasha
  1878 | D:3      | Identified the +3 dagger of Mandamus {venom, *Rage rN+
                  | Will+ rCorr Int+4}
  1891 | D:3      | Identified the +1 ring mail "Ciag" {Will+ Dex+2}
  1938 | D:3      | Reached XP level 6. HP: 59/59 MP: 5/5
  2083 | D:3      | Noticed Sigmund
  2185 | D:2      | Reached skill level 7 in Unarmed Combat
  2225 | D:3      | Killed Sigmund
  2259 | D:3      | Noticed Natasha
  2267 | D:3      | Killed Natasha
  2317 | D:3      | Noticed a moth of wrath
  2319 | D:3      | Noticed Natasha
  2320 | D:3      | Found a bloodstained altar of Trog.
  2347 | D:2      | Killed Natasha
  2348 | D:2      | Reached skill level 8 in Unarmed Combat
  2348 | D:2      | Reached XP level 7. HP: 66/66 MP: 6/6
  2608 | D:4      | Reached skill level 9 in Unarmed Combat
  2967 | D:5      | Entered Level 5 of the Dungeon
  2982 | D:5      | Found a staircase to the Ecumenical Temple.
  3270 | Temple   | Entered the Ecumenical Temple
  3316 | Temple   | Became a worshipper of Nemelex Xobeh the Trickster
  3316 | Temple   | Reached * piety under Nemelex Xobeh
  3316 | Temple   | Received a gift from Nemelex Xobeh
  3316 | Temple   | Reached ** piety under Nemelex Xobeh
  3781 | D:6      | Slain by a wight

Illustrated notes

Levels and vault maps discovered:
D:1:      dpeg_arrival_refuge, layout_rooms, serial_rivers,
          chequers_serial_rivers_large_b, chequers_serial_rivers_small_a,
          chequers_serial_rivers_micro_e, chequers_serial_rivers_small_a,
          hangedman_decor_diamond_cutter, minmay_tall_x
D:2:      layout_loops_corners, hellmonk_ecumenical_altar_lost_god,
          serial_shops, nicolae_diamond_shop, basic_altar,
          uniq_crazy_yiuf_cottage, uniq_jessica, uniq_terence
D:3:      layout_basic, tgw_trog, uniq_natasha, uniq_pargi, uniq_sigmund
D:4:      layout_cave_pools, minmay_curled_crystal, minivault_11,
          grunt_decor_clamped
D:5:      layout_basic, temple_green
D:6:      layout_loops_cross, mainiacjoe_overflow_tiny_flanked,
          grunt_dithmenos_shadows, mainiacjoe_overflow_brackets,
          minmay_crystal_room, hangedman_decor_clover_reticule, uniq_eustachio,
          uniq_grinder
Temple:   jpeg_temple_clearing

Skill      XL: |  1  2  3  4  5  6  7 |
---------------+----------------------+-----
Unarmed Combat | 4 5 6 8 9 |  9.5
Fighting       | |  2.5
Dodging        | |  2.4
Invocations    | |  0.4

Action                     |  1- 3 |  4- 6 |  7- 9 || total
---------------------------+-------+-------+-------++-------
  Melee: Unarmed           |    58 |   100 |    64 ||   222
         Punch             |       |     4 |     3 ||     7
    Use: Scroll            |       |     2 |       ||     2
   Stab: Sleeping          |     2 |       |       ||     2
 Armour: Robe              |    44 |   105 |    42 ||   191
  Dodge: Dodged            |    31 |    59 |    38 ||   128
